 Dungeon Crawl Stone Soup version 0.29-a0-322-g68df515428 (webtiles) character file.

Game seed: 13155375788181075681

459 oblizorion1 the Skirmisher (level 6, -1/51 HPs)
             Began as a Palentonga Fighter on Apr 8, 2022.
             Slain by a kobold brigand
             ... wielding a +0 dagger
              (4 damage)
             ... on level 4 of the Dungeon.
             The game lasted 00:13:50 (4040 turns).

oblizorion1 the Skirmisher (Palentonga Fighter)     Turns: 4040, Time: 00:13:51

Health: -1/51      AC: 10    Str: 19    XL:     6   Next: 78%
Magic:  6/6        EV:  5    Int:  9    God:
Gold:   181        SH:  5    Dex: 17    Spells: 5/5 levels left

rFire   . . .      SeeInvis +   l - +0 spear (vorpal)
rCold   . . .      Faith    .   c - +0 buckler
rNeg    . . .      Spirit   .   n - +0 chain mail
rPois   .          Reflect  .   (no helmet)
rElec   .          Harm     .   m - +0 cloak
rCorr   .          Rampage  .   j - +0 pair of gloves
Will    .....                   (no barding)
Stlth   ..........              (no amulet)
HPRegen 0.17/turn               v - +6 ring of dexterity
MPRegen 0.10/turn               (no ring)

@: no status effects
A: large, rugged brown scales 3, see invisible, deformed body, roll 1, armoured
tail
a: Rolling Charge


You were on level 4 of the Dungeon.
You visited 1 branch of the dungeon, and saw 4 of its levels.

You collected 181 gold pieces.

Inventory:

Hand Weapons
 a - a +0 war axe
 g - a +2 vampiric dagger
 l - a +0 vorpal spear (weapon)
Armour
 c - a +0 buckler (worn)
 j - a +0 pair of gloves (worn)
 m - a +0 cloak (worn)
 n - a +0 chain mail (worn)
Jewellery
 v - a +6 ring of dexterity (left hand)
Wands
 p - a wand of polymorph (3)
 s - a wand of flame (18) (quivered)
Scrolls
 e - a scroll of fog
 h - a scroll of immolation {unknown}
 i - 4 scrolls of teleportation
 k - a scroll of enchant weapon
 o - a scroll of amnesia {unknown}
 q - a scroll of brand weapon {unknown}
 r - a scroll of enchant armour {unknown}
Potions
 b - a potion of flight {unknown}
 d - 2 potions of might
 f - a potion of brilliance {unknown}
 t - a potion of curing {unknown}
 u - a potion of resistance {unknown}


   Skills:
 + Level 4.0 Fighting
 + Level 3.4(4.1) Axes
 + Level 2.8(3.5) Polearms
 + Level 3.9 Armour
 + Level 1.1 Dodging
 - Level 0.4 Stealth
 + Level 2.8 Shields
 + Level 0.2 Evocations


You had 5 spell levels left.
You didn't know any spells.
Your spell library contained the following spells:

 Spells                   Type           Power      Damage    Failure   Level
 Beastly Appendage        Tmut           0%         N/A       99%         1
 Sandblast                Erth           0%         2d4       99%         1
 Passwall                 Tmut/Erth      0%         N/A       100%        2
 Wereblood                Tmut           0%         N/A       100%        2
 Spider Form              Tmut/Pois      0%         N/A       100%        3
 Stone Arrow              Conj/Erth      0%         3d7       100%        3


Dungeon Overview and Level Annotations

Branches:
Dungeon (4/15)
 Temple: D:4-7

Altars:


Innate Abilities, Weirdness & Mutations

You are completely covered in rugged brown scales. (AC +3, +7% HP)
You have supernaturally acute eyesight. (SInv)
Armour fits poorly on your strangely shaped body.
You can roll at nearby foes to attack.
You have a long armoured tail.


Message History

You are no longer poisoned.
You block the kobold's attack. The kobold barely misses you.
You hit the kobold.
You kill the kobold!
The kobold hits you with a +0 short sword.
* * * LOW HITPOINT WARNING * * *
The kobold shoots a bolt.
You block the bolt. The kobold hits you but does no damage.
The kobold shoots a bolt.
The bolt hits you but does no damage. The kobold attacks as you move away!
The kobold hits you but does no damage.
You feel yourself speed up.
The kobold hits the plant with a +0 dagger.
The plant begins to die.
You closely miss the kobold. You block the kobold's attack.
The kobold hits the plant with a +0 dagger.
You barely miss the kobold.
Your tail-slap misses the kobold.
The kobold barely misses you.
You hit the kobold but do no damage.
Your tail-slap misses the kobold.
You hit the kobold. You tail-slap the kobold.
You kill the kobold!
A nearby plant withers and dies.
The kobold brigand throws a curare-tipped dart.
You block the curare-tipped dart.
Reach: l) +0 spear (vorpal)
Press: ? - help, Dir - move target, f - kobold brigand
Aim: a kobold brigand, wielding a +0 dagger and quivering curare-tipped darts (about 41% to evade your +0 vorpal spear)
You reach to attack!
You hit the kobold brigand but do no damage.
You puncture the kobold brigand!
The kobold brigand is moderately wounded.
The kobold shoots a bolt.
The bolt barely misses you.
You closely miss the kobold brigand.
The kobold brigand is moderately wounded.
The kobold brigand hits you with a +0 dagger.
* * * LOW HITPOINT WARNING * * *
You hit the kobold brigand. You tail-slap the kobold brigand.
The kobold brigand is severely wounded.
The kobold hits you but does no damage.
The kobold brigand hits you with a +0 dagger.
You die...

......... ... .......#
.... #.....# ###....
#...... ....... #......
....... #...... #
....... ##...###
####.#####.......
#8...8#
........K@.......
##...##
######.K#####... #...#
##).# ##...## ..
###.K.# #8...8# ....
###P....# ##...###
..... ##..P.).####...
#...##8 .....♣
##P..).#........
##......
......♣#.K.♣.♣#.#######
#⌠......
.†...♣.♣.)P.###........
##......


You could see a kobold brigand and 2 kobolds.

Vanquished Creatures
  Sigmund (D:2)
  A howler monkey (D:4)
  An orc priest (D:4)
  2 hounds (D:4)
  Terence (D:2)
  An orc wizard (D:4)
  3 adders
  A worm (D:2)
  2 dart slugs
  7 orcs (D:4)
  6 endoplasms
  2 giant cockroaches
  5 goblins
  5 hobgoblins
  8 jackals
  24 kobolds
  2 quokkas
  6 ball pythons
  7 bats
  5 rats
90 creatures vanquished.

Vanquished Creatures (others)
  39 plants (D:4)
39 creatures vanquished.

Grand Total: 129 creatures vanquished

Notes
Turn   | Place    | Note
-------+----------+-------------------------------------------
     0 | D:1      | oblizorion1 the Palentonga Fighter began the quest for the
                  | Orb.
     0 | D:1      | Reached XP level 1. HP: 19/19 MP: 1/1
   191 | D:1      | Reached XP level 2. HP: 25/25 MP: 2/2
   871 | D:1      | Found a faded altar of an unknown god.
  1067 | D:2      | Reached XP level 3. HP: 31/31 MP: 3/3
  1119 | D:2      | Noticed Terence
  1134 | D:2      | Killed Terence
  1434 | D:2      | Reached XP level 4. HP: 37/37 MP: 4/4
  1658 | D:2      | Noticed Sigmund
  1667 | D:2      | Killed Sigmund
  1668 | D:2      | Reached skill level 1 in Polearms
  1668 | D:2      | Reached skill level 1 in Dodging
  1668 | D:2      | Reached XP level 5. HP: 32/44 MP: 5/5
  2574 | D:4      | Reached XP level 6. HP: 51/51 MP: 6/6
  3405 | D:4      | Noticed Blork the orc
  3416 | D:4      | Noticed Blork
  3416 | D:4      | Blork the orc changed into Blork the howler monkey
  3426 | D:4      | Killed Blork the howler monkey
  3727 | D:4      | Reached skill level 4 in Fighting
  4040 | D:4      | Slain by a kobold brigand

Illustrated notes

Levels and vault maps discovered:
D:1:      dpeg_arrival_central, layout_basic,
          chequers_ecumenical_altar_simple_redux, chequers_serial_rivers_room_a
D:2:      layout_basic, serial_curves, eino_curves_01, eino_curves_03,
          uniq_terence, uniq_sigmund
D:3:      layout_rooms, grunt_ministairs_10, kennysheep_boxes
D:4:      kennysheep_kobold_camp, layout_basic, corexii_hall_statues_t,
          uniq_blork_the_orc

Skill      XL: |  1  2  3  4  5  6 |
---------------+-------------------+-----
Axes           | 3 |  3.4
Polearms       | 1 2 |  2.8
Armour         | 3 |  3.9
Dodging        | 1 |  1.1
Fighting       | 4 |  4.0
Stealth        | |  0.4
Shields        | |  2.8
Evocations     | |  0.2

Action                   |  1- 3 |  4- 6 || total
-------------------------+-------+-------++-------
Melee: War axe           |    45 |       ||    45
       Tailslap          |     7 |    25 ||    32
       Spear             |    43 |   215 ||   258
 Abil: Rolling Charge    |       |     1 ||     1
Evoke: Wand              |       |     2 ||     2
  Use: Scroll            |       |     4 ||     4
Armor: Scale mail        |    27 |       ||    27
       Chain mail        |     9 |   106 ||   115
Dodge: Dodged            |    35 |    50 ||    85
Block: Buckler           |    14 |    34 ||    48

Table legend: (Time is in decaauts)
 A = Elapsed time spent in this place.
 B = Non-inter-level travel time spent in this place.
 C = Inter-level travel time spent in this place.
 D = Time resting spent in this place.
 E = Time spent auto-exploring this place.
 F = Levels seen in this place.
 G = Mean time per level.
                   A        B        C        D        E       F      G
               +--------+--------+--------+--------+--------+-----+--------+
         Total |   4104 |   3967 |    137 |   1551 |   1267 |   4 | 1026.0 |
       Dungeon |   4104 |   3967 |    137 |   1551 |   1267 |   4 | 1026.0 |
               +--------+--------+--------+--------+--------+-----+--------+

Top non-repeatable levels by time:
     D:4: 1472 daAuts
     D:1: 1045 daAuts
     D:2: 943 daAuts
     D:3: 643 daAuts
